 Dungeon Crawl Stone Soup version 0.23.0-2-g0fe3ce5905 (webtiles) character file.

Game seed: 14029010637662421011

23 Ivernyr the Insei (level 3, 0/27 HPs)
             Began as a Vine Stalker Transmuter on Feb 20, 2019.
             Succumbed to an adder's poison
             ... on level 2 of the Dungeon.
             The game lasted 00:03:13 (659 turns).

Ivernyr the Insei (Vine Stalker Transmuter)          Turns: 659, Time: 00:03:14

Health: 0/27       AC: 21    Str: 17    XL:     3   Next: 0%
Magic:  5/7        EV:  2    Int: 14    God:
Gold:   98         SH:  0    Dex: 14    Spells: 3/6 levels left

rFire    . . .     SeeInvis .     - Unarmed
rCold    . . .     Gourm    .   (no shield)
rNeg     + + +     Faith    .   (armour currently unavailable)
rPois    +         Spirit   +   (helmet currently unavailable)
rElec    .         Reflect  .   (cloak currently unavailable)
rCorr    .         Harm     .   (gloves currently unavailable)
MR       .....     NoTele   +   (boots currently unavailable)
Stlth    ..........             (no amulet)
HPRegen  0.09/turn              g - ring of attention (curse)
MPRegen  0.10/turn              (no ring)

@: mighty, lethally poisoned (0 -> -12), tree-form, hasted, very quick
A: magic shield, no potion heal 3, rot immunity
a: no special abilities


You were on level 2 of the Dungeon.
You were not hungry.
You were a tree.
You visited 1 branch of the dungeon, and saw 2 of its levels.

You collected 98 gold pieces.

Inventory:

Missiles
 a - 36 arrows
Armour
 b - a +0 robe (melded)
 m - a +0 cloak (melded)
Jewellery
 g - a cursed ring of attention (left branch)
Scrolls
 c - 2 scrolls of blinking {unknown}
 f - 2 scrolls of identify {unknown}
 h - a scroll of fear {unknown}
 i - 2 scrolls of teleportation {unknown}
 n - a scroll of enchant armour {unknown}
 o - a scroll of fog {unknown}
 p - a scroll of amnesia {unknown}
Potions
 j - a potion of might
 l - a potion of ambrosia {unknown}
 q - a potion of berserk rage {unknown}
Comestibles
 d - 4 rations


   Skills:
 + Level 1.3 Fighting
 + Level 1.9 Dodging
 - Level 3.0 Unarmed Combat
 + Level 2.4 Spellcasting
 * Level 2.6 Transmutations


You had 3 spell levels left.
You knew the following spells:

 Your Spells              Type           Power        Failure   Level  Hunger
a - Beastly Appendage     Tmut           #.....       8%          1    #......
b - Sticks to Snakes      Tmut           #.......     12%         2    ###....

Your spell library contained the following spells:

 Spells                   Type           Power        Failure   Level  Hunger
 Spider Form              Tmut/Pois      #.........   36%         3    ###....
 Ice Form                 Ice/Tmut       #.......     78%         4    #####..
 Blade Hands              Tmut           #.........   91%         5    ######.


Dungeon Overview and Level Annotations

Branches:
Dungeon (2/15)

Altars:


Innate Abilities, Weirdness & Mutations

((You have extremely sharp teeth.))
When hurt, damage is shared between your health and your magic reserves.
((Your bite disrupts and absorbs the magic of your enemies.))
Potions cannot restore your health.
You are immune to rotting.


Message History

You kill the adder!
You have reached level 3!
Your experience leads to an increase in your attributes!
Increase (S)trength, (I)ntelligence, or (D)exterity?
You feel clever.
* * * LOW HITPOINT WARNING * * *
You feel sick.
It was a potion of might.
You feel very mighty all of a sudden.
* * * LOW HITPOINT WARNING * * *
You feel sick.
It was a potion of lignification.
Your talons disappear.
You turn into a tree.
Your +0 cloak melds into your body.
Your +0 robe melds into your body.
Your roots penetrate the ground.
* * * LOW HITPOINT WARNING * * *
You feel sick. The jackal completely misses you.
The jackal bites you but does no damage.
It was a potion of haste.
You feel yourself speed up.
You die...

#.#^..#.........[.......
#.#...#.####.#####......
#.#...#.................
#.#...######.###.#.####.
..+.....# #.# #..<.....
#.#...#.# #.# #########
#...#.# ... #...#.# #.#
#...#♣# #...#h##
#####hh# ##.# #...#
##...(. .##.## .# # ?.


You could see 3 jackals.

Vanquished Creatures
  An adder (D:2)
  2 giant cockroaches (D:1)
  2 goblins
  3 hobgoblins (D:1)
  A kobold (D:1)
  A ball python (D:1)
  A bat (D:1)
  2 rats (D:1)
13 creatures vanquished.

Notes
Turn   | Place    | Note
-------+----------+-------------------------------------------
     0 | D:1      | Ivernyr the Vine Stalker Transmuter began the quest for the
                  | Orb.
     0 | D:1      | Reached XP level 1. HP: 9/9 MP: 4/4
    71 | D:1      | Reached skill level 1 in Fighting
   182 | D:1      | Reached XP level 2. HP: 14/14 MP: 6/6
   186 | D:1      | Learned a level 2 spell: Sticks to Snakes
   656 | D:2      | Reached XP level 3. HP: 3/18 MP: 4/7
   658 | D:2      | HP: 1/27 [poisoned by an adder]
   659 | D:2      | Succumbed to an adder's poison

Skill      XL: |  1 |
---------------+----+-----
Fighting       | 1 |  1.3
Dodging        | |  1.9
Unarmed Combat | |  3.0
Spellcasting   | |  2.4
Transmutations | |  2.6

Action                   || total
-------------------------++-------
Melee: Unarmed           ||    53
       Bite              ||    12
       Headbutt          ||     3
       Kick              ||     1
 Cast: Beastly Appendage ||     4
  Use: Potion            ||     3
Armor: Robe              ||    15
       Skin              ||     1
Dodge: Dodged            ||    29
